 Dungeon Crawl Stone Soup version 0.21.1-1-g345015f (webtiles) character file.

196 theblackcape the Insei (level 5, -1/47 HPs)
             Began as a Gnoll Monk on July 8, 2018.
             Was a Believer of Vehumet.
             Slain by an orc
             ... wielding a +0 hand axe
              (4 damage)
             ... on level 4 of the Dungeon.
             The game lasted 00:05:42 (2257 turns).

theblackcape the Insei (Gnoll Monk)                 Turns: 2257, Time: 00:05:43

Health: -1/47      AC:  7    Str: 14    XL:     5   Next: 74%
Magic:  7/7        EV: 13    Int: 12    God:    Vehumet [**....]
Gold:   130        SH:  0    Dex: 18    Spells: 7/7 levels left

rFire    + . .     SeeInvis .     - Unarmed
rCold    . . .     Gourm    .   (no shield)
rNeg     . . .     Faith    .   m - +1 scale mail {rF+}
rPois    .         Spirit   .   (no helmet)
rElec    .         Reflect  +   (no cloak)
rCorr    .         Harm     .   (no gloves)
MR       .....     Rnd*Tele +   (no boots)
Stlth    ..........             l - +2 amulet of reflection
HPRegen  0.15/turn              e - ring of teleportation (curse)
MPRegen  0.10/turn              (no ring)

@: confused
A: distributed training, fangs 1, strong nose
a: Renounce Religion


You were on level 4 of the Dungeon.
You worshipped Vehumet.
Vehumet was pleased with you.
You were not hungry.

You visited 1 branch of the dungeon, and saw 4 of its levels.

You collected 130 gold pieces.

Inventory:

Missiles
 h - 92 stones
 p - 10 tomahawks (quivered)
Armour
 a - a +0 robe
 m - a +1 scale mail of fire resistance (worn)
Jewellery
 e - a cursed ring of teleportation (left hand)
 l - a +2 amulet of reflection (around neck)
Scrolls
 c - 3 scrolls of remove curse {unknown}
 d - 3 scrolls of teleportation {unknown}
 f - a scroll of enchant armour {unknown}
 g - 4 scrolls of identify {unknown}
 j - a scroll of blinking {unknown}
 k - a scroll of immolation {unknown}
 n - a scroll of random uselessness {unknown}
 q - a scroll of fog {unknown}
 s - a scroll of magic mapping {unknown}
Potions
 i - a potion of lignification {unknown}
 o - a potion of curing {unknown}
 r - a potion of brilliance {unknown}
 t - a potion of berserk rage {unknown}
Comestibles
 b - 5 rations
 u - 3 chunks of flesh


   Skills:
 + Level 6.7 Fighting
 + Level 1.6 Short Blades
 + Level 1.6 Long Blades
 + Level 1.6 Axes
 + Level 1.6 Maces & Flails
 + Level 1.6 Polearms
 + Level 1.6 Staves
 + Level 1.6 Slings
 + Level 1.6 Bows
 + Level 1.6 Crossbows
 + Level 1.6 Throwing
 + Level 1.6 Armour
 + Level 6.7 Dodging
 + Level 4.4 Stealth
 + Level 1.6 Shields
 + Level 6.7 Unarmed Combat
 + Level 1.6 Spellcasting
 + Level 1.2 Conjurations
 + Level 1.2 Hexes
 + Level 1.2 Charms
 + Level 1.2 Summonings
 + Level 1.2 Necromancy
 + Level 1.2 Translocations
 + Level 1.2 Transmutations
 + Level 1.2 Fire Magic
 + Level 1.2 Ice Magic
 + Level 1.2 Air Magic
 + Level 1.2 Earth Magic
 + Level 1.2 Poison Magic
 + Level 1.8 Invocations
 + Level 1.6 Evocations


You had 7 spell levels left.
You didn't know any spells.

Dungeon Overview and Level Annotations

Branches:
Dungeon (4/15)
 Temple: D:4-7

Altars:
Dithmenos
Fedhas
Vehumet
Xom


Innate Abilities, Weirdness & Mutations

Your experience applies equally to all skills.
You have very sharp teeth.
Your uncanny sense of smell can sniff out nearby items.


Message History

The orc wizard gestures at you while chanting.
The magic dart hits you!
* * * LOW HITPOINT WARNING * * *
The orc hits you.
* * * LOW HITPOINT WARNING * * *
The orc hits you from afar with a trident.
* * * LOW HITPOINT WARNING * * *
You barely miss the orc wizard.
The orc wizard is almost dead.
The orc hits you with a hand axe.
* * * LOW HITPOINT WARNING * * *
The orc wizard gestures at you while chanting.
You are confused.
The orc closely misses you.
You miss the orc wizard.
The orc wizard is almost dead.
You feel sick.
You are no longer poisoned.
The orc closely misses you. The orc hits you with a hand axe.
You die...

##########
#........#
.........#
.......).#
#....oo@.#
#...PPPoo#
###P.PPP.#
...PP_PP.#
...PPPPP.#
....PPP..#
....######
....


You could see an orc wizard and 3 orcs.

Vanquished Creatures
  2 orc priests (D:3)
  Terence (D:2)
  A worker ant (D:4)
  An adder (D:2)
  An ooze (D:1)
  4 worms
  A dart slug (D:2)
  2 leopard geckos
  5 orcs
  5 bats
  4 giant cockroaches
  5 hobgoblins
  6 jackals
  6 kobolds
  A quokka (D:2)
  4 frilled lizards
  7 rats
56 creatures vanquished.

Notes
Turn   | Place    | Note
-------+----------+-------------------------------------------
     0 | D:1      | theblackcape the Gnoll Monk began the quest for the Orb.
     0 | D:1      | Reached XP level 1. HP: 23/23 MP: 1/1
    78 | D:1      | Reached XP level 2. HP: 24/29 MP: 2/2
   948 | D:2      | Reached XP level 3. HP: 35/35 MP: 3/3
  1049 | D:2      | Found a shadowy altar of Dithmenos.
  1099 | D:2      | Reached skill level 1 in Invocations
  1283 | D:2      | Reached skill level 1 in Short Blades
  1283 | D:2      | Reached skill level 1 in Long Blades
  1283 | D:2      | Reached skill level 1 in Axes
  1283 | D:2      | Reached skill level 1 in Maces & Flails
  1283 | D:2      | Reached skill level 1 in Polearms
  1283 | D:2      | Reached skill level 1 in Staves
  1283 | D:2      | Reached skill level 1 in Slings
  1283 | D:2      | Reached skill level 1 in Bows
  1283 | D:2      | Reached skill level 1 in Crossbows
  1283 | D:2      | Reached skill level 1 in Throwing
  1283 | D:2      | Reached skill level 1 in Armour
  1283 | D:2      | Reached skill level 1 in Shields
  1283 | D:2      | Reached skill level 1 in Spellcasting
  1283 | D:2      | Reached skill level 1 in Evocations
  1467 | D:2      | Reached XP level 4. HP: 41/41 MP: 5/5
  1579 | D:3      | Noticed Terence
  1590 | D:2      | Killed Terence
  1682 | D:3      | Reached skill level 1 in Conjurations
  1682 | D:3      | Reached skill level 1 in Hexes
  1682 | D:3      | Reached skill level 1 in Charms
  1682 | D:3      | Reached skill level 1 in Summonings
  1682 | D:3      | Reached skill level 1 in Necromancy
  1682 | D:3      | Reached skill level 1 in Translocations
  1682 | D:3      | Reached skill level 1 in Transmutations
  1682 | D:3      | Reached skill level 1 in Fire Magic
  1682 | D:3      | Reached skill level 1 in Ice Magic
  1682 | D:3      | Reached skill level 1 in Air Magic
  1682 | D:3      | Reached skill level 1 in Earth Magic
  1682 | D:3      | Reached skill level 1 in Poison Magic
  1947 | D:3      | Reached XP level 5. HP: 35/47 MP: 5/7
  2207 | D:4      | Found a shimmering altar of Xom.
  2207 | D:4      | Found a radiant altar of Vehumet.
  2244 | D:4      | Became a worshipper of Vehumet
  2244 | D:4      | Reached * piety under Vehumet
  2244 | D:4      | Offered knowledge of Magic Dart by Vehumet.
  2244 | D:4      | Reached ** piety under Vehumet
  2245 | D:4      | Found a blossoming altar of Fedhas.
  2257 | D:4      | Slain by an orc

Skill      XL: |  1  2  3  4 |
---------------+-------------+-----
Invocations    | 1 |  1.8
Short Blades   | 1 |  1.6
Long Blades    | 1 |  1.6
Axes           | 1 |  1.6
Maces & Flails | 1 |  1.6
Polearms       | 1 |  1.6
Staves         | 1 |  1.6
Slings         | 1 |  1.6
Bows           | 1 |  1.6
Crossbows      | 1 |  1.6
Throwing       | 1 |  1.6
Armour         | 1 |  1.6
Shields        | 1 |  1.6
Spellcasting   | 1 |  1.6
Evocations     | 1 |  1.6
Conjurations   | 1 |  1.2
Hexes          | 1 |  1.2
Charms         | 1 |  1.2
Summonings     | 1 |  1.2
Necromancy     | 1 |  1.2
Translocations | 1 |  1.2
Transmutations | 1 |  1.2
Fire Magic     | 1 |  1.2
Ice Magic      | 1 |  1.2
Air Magic      | 1 |  1.2
Earth Magic    | 1 |  1.2
Poison Magic   | 1 |  1.2
Fighting       | |  6.7
Dodging        | |  6.7
Stealth        | |  4.4
Unarmed Combat | |  6.7

Action                   |  1- 3 |  4- 6 || total
-------------------------+-------+-------++-------
Melee: Unarmed           |    75 |    84 ||   159
       Bite              |    11 |     8 ||    19
       Punch             |     3 |     1 ||     4
Throw: Stone             |    26 |       ||    26
       Tomahawk          |     5 |     1 ||     6
 Stab: Sleeping          |     4 |     3 ||     7
  Eat: Chunk             |     2 |     2 ||     4
Armor: Robe              |     2 |       ||     2
       Scale mail        |    17 |    18 ||    35
Dodge: Dodged            |    55 |    65 ||   120
Block: Other             |       |     2 ||     2
